 Dungeon Crawl Stone Soup version 0.20-a0-450-g4cf9236 (console) character file.

2838 Hector the Cleaver (level 9, -5/74 HPs)
             Began as a Minotaur Gladiator on Dec 19, 2016.
             Was an Elder of Ieoh Jian.
             Slain by a yaktaur captain (23 damage)
             ... on level 7 of the Dungeon.
             The game lasted 00:30:07 (6516 turns).

Hector the Cleaver (Minotaur Gladiator)             Turns: 6516, Time: 00:30:08

Health: -5/74      AC: 15    Str: 21    XL:     9   Next: 46%
Magic:  8/8        EV: 12    Int:  5    God:    Ieoh Jian [****..]
Gold:   357        SH:  0    Dex:  9    Spells: 8/8 levels left

rFire  + . .     SeeInvis +     a - +2 mace (crush)
rCold  . . .     Gourm    .     r - +4 scale mail of Bap Wyanu {MR+ Dex-4 SInv}
rNeg   + . .     Faith    .     (no shield)
rPois  .         Spirit   .     c - +0 hat
rElec  .         Reflect  .     (no cloak)
rCorr  .         Harm     .     g - +2 pair of gloves
MR     +....                    (no boots)
Stlth  ..........               (no amulet)
                                J - ring of protection from fire
                                j - ring of positive energy

@: lethally poisoned (-5 -> -10), being watched over by the Council
A: retaliatory headbutt, horns 2
a: Recall Weapon, Project Weapon, Renounce Religion, Steal And Renounce


You were on level 7 of the Dungeon.
You worshipped Ieoh Jian.
Ieoh Jian was greatly pleased with you.
You were not hungry.

You visited 1 branch of the dungeon, and saw 7 of its levels.

You collected 357 gold pieces.

Inventory:

Hand Weapons
 a - a +2 mace of crushing (weapon)
 w - a cursed +0 mace
 F - a +0 war axe
 I - a +1 hand axe of chopping
Missiles
 d - 3 throwing nets (quivered)
 h - 101 stones
Armour
 b - a +0 leather armour
 c - a +0 hat (worn)
 g - a +2 pair of gloves (worn)
 m - a +0 chain mail
 r - the +4 scale mail of Bap Wyanu (worn) {MR+ Dex-4 SInv}
   (You found it on level 4 of the Dungeon)

   It affects your dexterity (-4).
   It affects your resistance to hostile enchantments.
   It lets you see invisible.
Jewellery
 j - a ring of positive energy (left hand)
 s - a +2 ring of intelligence
 J - a ring of protection from fire (right hand)
Wands
 M - a wand of polymorph (9/24)
Scrolls
 e - 8 scrolls of identify {unknown}
 l - a scroll of remove curse {unknown}
 p - 2 scrolls of amnesia {unknown}
 t - 3 scrolls of fog {unknown}
 v - 3 scrolls of teleportation {unknown}
 y - a scroll of enchant weapon {unknown}
 D - a scroll of immolation {unknown}
Potions
 i - 3 potions of haste {unknown}
 o - a potion of flight {unknown}
 q - a potion of heal wounds {unknown}
 x - a potion of berserk rage {unknown}
 z - 4 potions of curing {unknown}
 A - a potion of brilliance {unknown}
 B - 4 potions of lignification {unknown}
 E - a potion of mutation {unknown}
 K - a potion of ambrosia {unknown}
Books
 H - a book of Frost

   Spells                             Type                      Level
   a - Freeze                         Ice                          1
   b - Throw Frost                    Conjuration/Ice              2
   c - Ozocubu's Armour               Charms/Ice                   3
   d - Throw Icicle                   Conjuration/Ice              4
   e - Summon Ice Beast               Ice/Summoning                4
Comestibles
 f - 3 bread rations
 k - 3 fruits
 n - 3 beef jerkies
 u - 3 slices of pizza
 C - 2 meat rations
 G - 3 royal jellies


   Skills:
 + Level 5.6 Fighting
 * Level 12.3 Axes
 - Level 2.0 Throwing
 * Level 7.4 Armour
 + Level 4.8 Dodging


You had 8 spell levels left.
You didn't know any spells.

Dungeon Overview and Level Annotations

Branches:
Dungeon (7/15)             Temple (0/1) D:4

Altars:
Dithmenos
Elyvilon
Gozag Ieoh Jian
Nemelex Xobeh
The Shining One

Shops:
D:7 ([(

Annotations:
D:3 Snicker's ghost, amateur DsAs


Innate Abilities, Weirdness & Mutations

You reflexively headbutt those who attack you in melee.
You have a pair of horns on your head.


Message History

You hit the yaktaur captain but do no damage.
The yaktaur captain is almost dead.
The killer bee stings you! The yaktaur captain hits you.
The killer bee closely misses you.
You hit the yaktaur captain but do no damage.
Your headbutt misses the yaktaur captain.
The yaktaur captain is almost dead.
You feel sick. The killer bee barely misses you. The yaktaur captain hits you!
You completely miss the yaktaur captain.
The yaktaur captain is almost dead.
You feel sick.
The killer bee stings you but does no damage.
The killer bee closely misses you. The yaktaur captain hits you!!
* * * LOW HITPOINT WARNING * * *
Unknown command.
A +4 long sword manifests from thin air!
You hit the yaktaur captain.
The yaktaur captain is almost dead.
You feel sick. The killer bee barely misses you. The yaktaur captain hits you!!
You die...

..........c...............
.. .........................
... ........................
....#..... ....######[......
....#.... ....#............
#.......# ##'##......##.#...
#.......# #{................
#.......###c..............##
#.......'.y@{..#......##..##
#......)###{...##....>......
#.......###..........#......
#...........................
##..........................
#.....)..........8..........
#....)....###...............
#...##......................
#...##.##........∩..........


You could see a yaktaur captain, a killer bee and 3 friendly +4 long swords.

Vanquished Creatures
  Prince Ribbit (D:5)
  2 hippogriffs (D:7)
  A water moccasin (D:6)
  An orc warrior (D:7)
  A black bear (D:6)
  4 ogres
  2 centaurs (D:5)
  A bullfrog (D:7)
  A scorpion (D:6)
  3 killer bees (D:7)
  A howler monkey (D:4)
  3 crimson imps
  A centaur zombie (D:6)
  A bullfrog zombie (D:7)
  5 hounds
  An orc priest (D:5)
  3 bullfrog skeletons
  A centaur skeleton (D:4)
  3 jellies
  6 orc wizards
  An iguana (D:7)
  4 worker ants (D:6)
  2 hound skeletons
  2 worker ant zombies
  9 adders
  7 river rats (D:5)
  A shadow imp (D:6)
  An ooze (D:4)
  3 adder skeletons
  An adder zombie (D:6)
  6 worms
  2 dart slugs
  5 leopard geckos
  25 orcs
  2 giant cockroaches
  4 goblins
  5 hobgoblins
  9 jackals
  11 quokkas
  A ball python (D:2)
  10 bats
  8 frilled lizards
  8 kobolds
  2 leopard gecko skeletons
  A quokka skeleton (D:6)
  44 rats
216 creatures vanquished.

Vanquished Creatures (others)
  18 flying weapons
18 creatures vanquished.

Grand Total: 234 creatures vanquished

Notes
Turn   | Place    | Note
-------+----------+-------------------------------------------
     0 | D:1      | Hector the Minotaur Gladiator began the quest for the Orb.
     0 | D:1      | Reached XP level 1. HP: 18/18 MP: 0/0
   130 | D:1      | Reached skill level 4 in Axes
   303 | D:1      | Reached XP level 2. HP: 25/25 MP: 1/1
   747 | D:1      | Reached skill level 5 in Axes
   747 | D:1      | Reached XP level 3. HP: 29/30 MP: 2/2
   894 | D:2      | Found an ornate altar of the Ieoh Jian Council.
   910 | D:2      | Became a worshipper of The Ieoh Jian Council
  1237 | D:2      | Found a faded altar of an unknown god.
  1363 | D:2      | You fall through a shaft for 2 floors!
  1428 | D:4      | Reached XP level 4. HP: 36/37 MP: 3/3
  1439 | D:4      | Found a glowing golden altar of the Shining One.
  1474 | D:4      | Reached skill level 1 in Armour
  1511 | D:4      | Got a transparent scale mail
  1522 | D:4      | Identified the +4 scale mail of Bap Wyanu {MR+ Dex-4 SInv} (You found it on level 4 of the Dungeon)
  1539 | D:4      | Reached skill level 6 in Axes
  1546 | D:4      | Noticed an ogre
  1557 | D:4      | Killed an ogre
  1557 | D:4      | Reached XP level 5. HP: 26/42 MP: 4/4
  2089 | D:2      | Reached * piety under Ieoh Jian
  2112 | D:2      | Reached skill level 7 in Axes
  2361 | D:2      | Found an opulent altar of Gozag.
  2423 | D:2      | Reached ** piety under Ieoh Jian
  2429 | D:2      | Found a shadowy altar of Dithmenos.
  2533 | D:3      | Found a sparkling altar of Nemelex Xobeh.
  2552 | D:3      | Reached XP level 6. HP: 50/50 MP: 5/5
  2659 | D:3      | Noticed Snicker's ghost (amateur DsAs)
  3095 | D:4      | Found a staircase to the Ecumenical Temple.
  3112 | D:4      | Reached skill level 8 in Axes
  3398 | D:5      | Entered Level 5 of the Dungeon
  3484 | D:5      | Reached XP level 7. HP: 57/57 MP: 6/6
  3603 | D:5      | Found a white marble altar of Elyvilon.
  3786 | D:5      | Reached skill level 9 in Axes
  4333 | D:5      | Reached *** piety under Ieoh Jian
  4474 | D:5      | Reached XP level 8. HP: 47/66 MP: 7/7
  4478 | D:5      | Reached skill level 10 in Axes
  4661 | D:6      | Noticed Prince Ribbit
  4677 | D:5      | Killed Prince Ribbit
  5102 | D:6      | Reached skill level 5 in Armour
  5314 | D:6      | Reached skill level 11 in Axes
  5405 | D:6      | Reached **** piety under Ieoh Jian
  5679 | D:7      | Reached XP level 9. HP: 61/73 MP: 8/8
  5692 | D:7      | Found Reineiby's Antique Weapon Shop.
  5811 | D:7      | Reached skill level 5 in Fighting
  6035 | D:7      | Found Ceghos's Antique Armour Emporium.
  6081 | D:7      | Reached skill level 12 in Axes
  6190 | D:7      | Noticed a yaktaur captain
  6331 | D:7      | Found Sasauff's Antique Weapon Emporium.
  6516 | D:7      | Slain by a yaktaur captain

Vault maps used:
D:1:      dpeg_arrival_radiant
D:2:      nicolae_dithmenos_through_a_glass_darkly,
          lemuel_coloured_pillars_altar, nicolae_overflow_crystal_walls,
          chequers_ecumenical_altar_simple_redux, minmay_rat_hole
D:3:      nemelex_xobeh_ov_fountains_minmay, serial_undead, serial_undead_e,
          serial_undead_e, serial_undead_d, serial_undead_d, fountainhead,
          moated_statue, nrook_mini_vaults
D:4:      tso_metal_star
D:5:      lemuel_ratsnest, overflow_temple_1_default, first_bread
D:6:      uniq_prince_ribbit1
D:7:      serial_shops, nicolae_shop_statue_plus, shop, nicolae_shop_waterfront,
          shop_statue, minmay_three_doors

Skill      XL: |  1  2  3  4  5  6  7  8  9 |
---------------+----------------------------+-----
Axes           | 4 5 6 7 8 9 11 12 | 12.3
Armour         | 2 3 4 6 7 |  7.4
Fighting       | 3 4 5 |  5.6
Dodging        | 4 |  4.8
Throwing       | |  2.0

Action                   |  1- 3 |  4- 6 |  7- 9 || total
-------------------------+-------+-------+-------++-------
Melee: War axe           |    75 |   163 |   237 ||   475
       Headbutt          |     9 |    23 |    39 ||    71
       Punch             |     1 |     2 |     7 ||    10
       Quarterstaff      |       |     6 |     9 ||    15
       Falchion          |       |     4 |     4 ||     8
       Long sword        |       |     1 |       ||     1
       Unarmed           |       |       |    13 ||    13
       Lajatang          |       |       |     1 ||     1
       Mace              |       |       |    14 ||    14
       Dire flail        |       |       |     8 ||     8
       Scythe            |       |       |     6 ||     6
  Eat: Chunk             |     2 |     6 |    10 ||    18
Armor: Leather armour    |    13 |       |       ||    13
       Chain mail        |    11 |     2 |       ||    13
       Scale mail        |       |    72 |   115 ||   187
Dodge: Dodged            |    46 |    96 |   126 ||   268
       Rpst.: Falchion   |       |       |     1 ||     1
